 Dungeon Crawl Stone Soup version 0.21.1-1-g345015f (webtiles) character file.

3832 inc the Frost Mage (level 9, -2/38 HPs)
             Began as a Felid Ice Elementalist on Mar 3, 2018.
             Was a Priest of Vehumet.
             Slain by a wolf (3 damage)
             ... led by Grum
             ... on level 8 of the Dungeon on Mar 4, 2018.
             The game lasted 00:31:02 (13399 turns).

inc the Frost Mage (Felid Ice Elementalist)        Turns: 13399, Time: 00:31:03

Health: -2/38      AC:  9    Str:  4    XL:     9   Next: 98%
Magic:  13/19      EV: 24    Int: 20    God:    Vehumet [***...]
Gold:   518        SH:  0    Dex: 26    Spells: 9/20 levels left
                                        Lives:  0   Deaths: 2

rFire    + . .     SeeInvis +     - Unarmed
rCold    . . .     Gourm    .   (shield unavailable)
rNeg     . . .     Faith    .   (armour unavailable)
rPois    .         Spirit   .   (helmet unavailable)
rElec    .         Reflect  .   (cloak unavailable)
rCorr    .         Harm     .   (gloves unavailable)
MR       +....                  (boots unavailable)
Stlth    ++++......             (no amulet)
HPRegen  0.12/turn              u - ring of protection from fire
MPRegen  0.16/turn              x - +5 ring of dexterity

@: agile, icy armour, quick
A: very small, no armour, no weapons or thrown items, stealth, claws 1, fangs 3,
see invisible, carnivore, speed 1, shaggy fur 2, slow metabolism 1, sharp paws
a: Renounce Religion


You were on level 8 of the Dungeon.
You worshipped Vehumet.
Vehumet was most pleased with you.
You were not hungry.

You visited 1 branch of the dungeon, and saw 9 of its levels.

You collected 518 gold pieces.

Inventory:

Jewellery
 h - an uncursed amulet of faith
 u - a ring of protection from fire (left paw)
 x - a +5 ring of dexterity (right paw)
Wands
 q - a wand of acid (6)
 r - a wand of flame (38)
Scrolls
 c - 2 scrolls of remove curse
 d - a scroll of teleportation {unknown}
 g - 2 scrolls of fear {unknown}
 m - a scroll of noise {unknown}
 o - a scroll of immolation {unknown}
Potions
 i - a potion of agility
 j - a potion of haste
 k - 2 potions of invisibility
 n - 2 potions of curing
 s - 2 potions of cancellation
 t - a potion of degeneration
Books
 a - a book of Frost

   Spells                             Type                      Level
   a - Freeze                         Ice                          1
   b - Throw Frost                    Conjuration/Ice              2
   c - Ozocubu's Armour               Charms/Ice                   3
   d - Throw Icicle                   Conjuration/Ice              4
   e - Summon Ice Beast               Ice/Summoning                4
 l - a book of Maledictions

   Spells                             Type                      Level
   a - Corona                         Hexes                        1
   b - Ensorcelled Hibernation        Hexes/Ice                    2
   c - Confuse                        Hexes                        3
   d - Tukima's Dance                 Hexes                        3
   e - Dazzling Spray                 Conjuration/Hexes            3
 w - a book of Air

   Spells                             Type                      Level
   a - Shock                          Conjuration/Air              1
   b - Swiftness                      Charms/Air                   2
   c - Static Discharge               Conjuration/Air              3
   d - Airstrike                      Air                          4
   e - Lightning Bolt                 Conjuration/Air              5
Comestibles
 b - 12 rations


   Skills:
 - Level 3.4 Fighting
 - Level 2.6 Dodging
 - Level 2.6 Stealth
 - Level 1.3 Unarmed Combat
 - Level 6.0 Spellcasting
 - Level 8.0 Conjurations
 - Level 3.4 Charms
 + Level 8.9 Ice Magic


You had 9 spell levels left.
You knew the following spells:

 Your Spells              Type           Power        Failure   Level  Hunger
a - Freeze                Ice            ####         1%          1    None
b - Ozocubu's Armour      Chrm/Ice       ####....     2%          3    ##.....
c - Sting                 Conj/Pois      ###.         1%          1    None
d - Searing Ray           Conj           #####.       1%          2    None
e - Throw Icicle          Conj/Ice       #####...     1%          4    ####...


Dungeon Overview and Level Annotations

Branches:
Dungeon (9/15)             Temple (0/1) D:5            Lair (0/6) D:8
    Orc: D:9-12

Altars:
Elyvilon
Fedhas
Makhleb
Okawaru
Ru
Vehumet
Yredelemnul
Zin

Shops:
D:8 =

Annotations:
D:2 exclusion: oklob plant
D:3 Xelenos's ghost, amateur HOMo
D:4 letownia2's ghost, amateur TeAE
D:8 Grum
D:9 grindst0ne's ghost, novice FoHu


Innate Abilities, Weirdness & Mutations

You cannot wear armour.
You are incapable of wielding weapons or throwing items.
Your paws allow you to move quietly. (Stealth)
You have sharp claws.
You have razor-sharp teeth.
You have supernaturally acute eyesight. (SInv)
You are carnivorous and can eat meat at any time.
You cover ground quickly.
You are covered in thick fur. (AC +2)
You have a slow metabolism.
Your sharp claws are effective at attacking unaware monsters.


Message History

Aiming: Freeze
Press: ? - help, Shift-Dir - straight line, f/p - wolf
Aim: a wolf (moderately wounded)
You freeze the wolf.
The wolf is heavily wounded.
The wolf barely misses you. The wolf misses you.
The wolf completely misses you. Grum misses you. The wolf barely misses you.
The wolf closely misses you. x2
Casting: Freeze
Confirm with . or Enter, or press ? or * to list all spells.
Aiming: Freeze
Press: ? - help, Shift-Dir - straight line, f/p - wolf
Aim: a wolf (heavily wounded)
You freeze the wolf.
The wolf is almost dead.
The wolf bites you but does no damage. The wolf completely misses you. x2
Grum completely misses you.
The wolf stops to sniff the ground.
The wolf bites you.
You die...

.#...#.#.......#.#
.#######.......#.#
.# #...........#.#
.# #.######....#.#
)# #.#...........#
.# #.#.#####.....#
.# #.#.#......g..#
.# #.#.#.###.#.hh#
.# #.#.#.....#.h@#
.# #.#.#######.###
.# #...........#
.# ###.#########
.# #.# .# #.#
.#####.# ....##.#
.##.##.#


You could see Grum and 3 wolves.

Vanquished Creatures
  Psyche (D:8)
  2 hippogriffs
  A wyvern (D:8)
  A hungry ghost (D:8)
  A water moccasin (D:8)
  4 porcupines
  3 sky beasts
  A black bear (D:8)
  A phantom (D:5)
  2 ogres
  3 centaurs
  A wyvern zombie (D:8)
  6 bullfrogs
  A scorpion (D:7)
  9 killer bees
  9 wights (D:8)
  2 bullfrog zombies (D:5)
  A howler monkey (D:7)
  2 crimson imps
  3 hounds
  3 jellies
  A bullfrog skeleton (D:4)
  3 orc priests
  2 centaur skeletons
  3 iguanas
  A gnoll shaman (D:7)
  3 orc wizards
  7 worker ants
  A hound skeleton (D:5)
  A howler monkey zombie (D:7)
  4 gnolls (D:7)
  6 adders
  4 shadow imps
  2 oozes
  An adder zombie (D:7)
  3 adder skeletons (D:4)
  3 dart slugs
  3 leopard geckos
  30 orcs
  A ball python (D:4)
  2 bats (D:2)
  6 giant cockroaches
  4 goblins
  4 hobgoblins
  6 jackals
  A quokka (D:2)
  5 frilled lizards
  3 kobolds
  5 rats
172 creatures vanquished.

Vanquished Creatures (others)
  A quokka (D:4)
  57 fungi (D:8)
  39 plants (D:8)
  12 toadstools (D:2)
109 creatures vanquished.

Grand Total: 281 creatures vanquished

Notes
Turn   | Place    | Note
-------+----------+-------------------------------------------
     0 | D:1      | inc the Felid Ice Elementalist began the quest for the Orb.
     0 | D:1      | Reached XP level 1. HP: 7/7 MP: 4/4
   835 | D:1      | Reached XP level 2. HP: 11/11 MP: 4/6
  1419 | D:2      | Found a burning altar of Makhleb.
  1527 | D:2      | Reached XP level 3. HP: 14/14 MP: 5/7
  1831 | D:2      | Found a radiant altar of Vehumet.
  1903 | D:2      | Became a worshipper of Vehumet
  1927 | D:2      | Learned a level 3 spell: Ozocubu's Armour
  2036 | D:2      | Found a blossoming altar of Fedhas.
  2047 | D:2      | Noticed an oklob plant
  2518 | D:3      | Reached skill level 1 in Charms
  2833 | D:3      | Reached XP level 4. HP: 18/18 MP: 2/8
  3162 | D:3      | Noticed Xelenos's ghost (amateur HOMo)
  4092 | D:4      | Found an iron altar of Okawaru.
  4172 | D:4      | Reached XP level 5. HP: 21/21 MP: 1/9
  4328 | D:4      | Reached * piety under Vehumet
  4328 | D:4      | Offered knowledge of Sting by Vehumet.
  4328 | D:4      | Reached skill level 1 in Unarmed Combat
  4455 | D:4      | Learned a level 1 spell: Sting
  4471 | D:4      | Reached skill level 1 in Conjurations
  4857 | D:4      | Noticed an ogre
  4901 | D:4      | Killed an ogre
  4901 | D:4      | Gained mutation: You are covered in thick fur. (AC +2) [Felid growth]
  4901 | D:4      | Reached XP level 6. HP: 24/24 MP: 3/10
  5129 | D:4      | Noticed letownia2's ghost (amateur TeAE)
  5216 | D:4      | Found a white marble altar of Elyvilon.
  5492 | D:5      | Entered Level 5 of the Dungeon
  5721 | D:6      | Found a basalt altar of Yredelemnul.
  5737 | D:6      | Found a sacrificial altar of Ru.
  6036 | D:6      | Reached XP level 7. HP: 16/27 MP: 1/11
  6402 | D:6      | Reached skill level 5 in Conjurations
  6811 | D:5      | Slain by a centaur skeleton
  6812 | D:5      | Reached XP level 6. HP: -3/24 MP: 8/10
  6899 | D:5      | Offered knowledge of Sandblast by Vehumet.
  7335 | D:5      | Reached XP level 7. HP: 16/27 MP: 3/11
  7481 | D:5      | Reached ** piety under Vehumet
  7544 | D:5      | Found a staircase to the Ecumenical Temple.
  8808 | D:8      | Noticed Psyche
  8843 | D:9      | Noticed a hungry ghost
  9052 | D:8      | Found Hihitt's Jewellery Boutique.
  9077 | D:8      | Reached XP level 8. HP: 14/31 MP: 0/12
  9186 | D:8      | Offered knowledge of Searing Ray by Vehumet.
  9216 | D:8      | Learned a level 2 spell: Searing Ray
  9281 | D:8      | Mangled by a wight
  9282 | D:8      | Reached XP level 7. HP: -8/27 MP: 2/12
  9810 | D:7      | Reached skill level 5 in Spellcasting
  9817 | D:7      | Reached XP level 8. HP: 10/31 MP: 4/16
 10710 | D:5      | Found a glowing silver altar of Zin.
 10735 | D:5      | Reached *** piety under Vehumet
 11026 | D:8      | Found a staircase to the Lair.
 11046 | D:8      | Reached skill level 1 in Fighting
 11361 | D:8      | Learned a level 4 spell: Throw Icicle
 11408 | D:8      | Reached skill level 5 in Ice Magic
 11620 | D:8      | Reached XP level 9. HP: 27/38 MP: 7/19
 11916 | D:8      | Killed Psyche
 12307 | D:8      | HP: 1/38 [hippogriff (3)]
 13217 | D:9      | Offered knowledge of Mephitic Cloud by Vehumet.
 13218 | D:9      | Noticed grindst0ne's ghost (novice FoHu)
 13390 | D:9      | Noticed Grum
 13397 | D:8      | HP: 1/38 [wolf[Grum] (8)]
 13399 | D:8      | Slain by a wolf

Skill      XL: |  1  2  3  4  5  6  7  8  9 |
---------------+----------------------------+-----
Ice Magic      | 3 4 5 8 |  8.9
Charms         | 1 3 |  3.4
Unarmed Combat | 1 |  1.3
Conjurations   | 2 6 8 |  8.0
Spellcasting   | 5 6 |  6.0
Fighting       | 3 |  3.4
Dodging        | |  2.6
Stealth        | |  2.6

Action                   |  1- 3 |  4- 6 |  7- 9 || total
-------------------------+-------+-------+-------++-------
Melee: Unarmed           |    30 |   109 |   112 ||   251
       Bite              |     6 |    14 |    14 ||    34
 Cast: Freeze            |    46 |    61 |    69 ||   176
       Ozocubu's Armour  |     3 |    13 |    24 ||    40
       Sting             |       |    67 |   129 ||   196
       Searing Ray       |       |       |    36 ||    36
       Throw Icicle      |       |       |    13 ||    13
  Use: Scroll            |     1 |     5 |     3 ||     9
       Potion            |       |     5 |     5 ||    10
 Stab: Sleeping          |     4 |     5 |     3 ||    12
  Eat: Chunk             |     5 |    10 |     8 ||    23
       Ration            |       |       |     3 ||     3
Armor: Skin              |     5 |    25 |    42 ||    72
Dodge: Dodged            |    41 |   162 |   329 ||   532
